 Dungeon Crawl Stone Soup version 0.28-a0-691-gad6df49e81 (webtiles) character file.

Game seed: 409316002214061071

1981 GordonOverkill the Cleaver (level 9, -5/90 HPs)
             Began as a Djinni Berserker on Oct 21, 2021.
             Was a Priest of Trog.
             Slain by an eight-headed hydra (8 damage)
             ... on level 6 of the Dungeon.
             The game lasted 00:09:38 (6720 turns).

GordonOverkill the Cleaver (Djinni Berserker)       Turns: 6720, Time: 00:09:38

Health: -5/90      AC: 11    Str: 19    XL:     9   Next: 44%
Gold:   273        EV:  8    Int:  9    God:    Trog [***...] SH:  0 Dex: 13

rFire   + + .      SeeInvis .   l - +0 morningstar
rCold   x . .      Faith    .   (no shield)
rNeg    . . .      Spirit   .   s - +0 chain mail
rPois   ∞          Reflect  .   (no helmet)
rElec   .          Harm     .   j - +2 cloak {rCorr}
rCorr   +          Rampage  .   (no gloves)
Will    +++..                   (boots unavailable)
Stlth   ..........              (no amulet)
HPRegen 1.25/turn               f - ring of willpower
MPRegen 0.00/turn               (no ring)

@: berserking, strong-willed, flying, regenerating, very quick
A: sickness immunity, fire resistance 2, cold vulnerability 1, float, innate
caster, hp casting, extra vitality 1
a: Renounce Religion, Berserk, Trog's Hand


You were on level 6 of the Dungeon.
You worshipped Trog.
Trog was most pleased with you.
You visited 1 branch of the dungeon, and saw 6 of its levels.

You collected 273 gold pieces.

Inventory:

Hand Weapons
 l - a +0 morningstar (weapon)
Missiles
 k - 4 boomerangs (quivered)
Armour
 j - a +2 cloak of preservation (worn)
 s - a +0 chain mail (worn)
Jewellery
 f - a ring of willpower (left hand)
Wands
 b - a wand of flame (24)
 d - a wand of mindburst (8)
 e - a wand of iceblast (10)
 p - a wand of digging (3)
Scrolls
 g - a scroll of magic mapping
 i - a scroll of fear
Potions
 a - a potion of heal wounds {unknown}
 m - a potion of haste
 o - a potion of berserk rage
 q - a potion of mutation
 r - a potion of might {unknown}


   Skills:
 - Level 3.0 Fighting
 + Level 9.6 Axes
 - Level 2.0 Armour
 - Level 2.1 Dodging
 - Level 4.0 Evocations


You couldn't memorise any spells.
You knew the following spells:

 Your Spells              Type           Power      Damage    Failure   Level
a - Animate Skeleton      Necr           0%         N/A       99%         1
b - Static Discharge      Conj/Air       0%         N/A       100%        2
c - Frozen Ramparts       Ice            0%         1d2       100%        3
d - Leda's Liquefaction   Hex/Erth       0%         N/A       100%        4
Your spell library was empty.


Dungeon Overview and Level Annotations

Branches:
Dungeon (6/15)
 Temple: D:4-7

Altars:
Hepliaklqana
Zin

Shops:
D:5 [

Annotations:
D:3 1 runed translucent door, paps's ghost, weakling DsGl


Innate Abilities, Weirdness & Mutations

You are immune to sickness and miasma.
You are immune to poison.
Your flesh is very heat resistant. (rF++)
You are vulnerable to cold. (rC-)
You float through the air rather than walking.
You learn spells naturally, not from books.
Your magical power is your life essence.
You have superior vitality. (+4 HP)


Message History

There is a stone staircase leading down here.
An eight-headed hydra comes into view.
The eight-headed hydra roars!
You hear a shout!
l - a +0 morningstar (weapon)
Your skin crawls.
You feel strong-willed.
A red film seems to cover your vision as you go berserk!
You feel yourself moving faster!
You feel mighty!
An ogre comes into view. It is wielding a +0 giant club.
You puncture the eight-headed hydra!
The eight-headed hydra is lightly wounded.
The eight-headed hydra bites you! x2; The eight-headed hydra bites you.
The eight-headed hydra bites you!
* * * LOW HITPOINT WARNING * * *
The eight-headed hydra barely misses you.
The eight-headed hydra bites you!
* * * LOW HITPOINT WARNING * * *
The eight-headed hydra bites you!
* * * LOW HITPOINT WARNING * * *
The eight-headed hydra closely misses you.
Your chain mail prevents you from hitting the eight-headed hydra.
The eight-headed hydra is lightly wounded.
You thump the eight-headed hydra!
The eight-headed hydra is moderately wounded.
The eight-headed hydra closely misses you.
The eight-headed hydra bites you!
* * * LOW HITPOINT WARNING * * *
The eight-headed hydra bites you!
* * * LOW HITPOINT WARNING * * *
The eight-headed hydra bites you but does no damage.
The eight-headed hydra bites you!
* * * LOW HITPOINT WARNING * * *
The eight-headed hydra closely misses you.
The eight-headed hydra barely misses you. x2
You completely miss the eight-headed hydra.
The eight-headed hydra is moderately wounded.
The eight-headed hydra bites you but does no damage.
The eight-headed hydra barely misses you. x2
The eight-headed hydra bites you!
You die...

##############
.............#
....#..#####.#
.##.#.....##.######
.##.##.##........>#
..#.##.#####.####.#
#.#.##.......#
##.##
#.#.##########
#..(#### ....#
#@.....# #.###
#D#.....# #.#
.###.#..# #.#### .#
#..... .....# .#
#..#. #.##.# #. ..#
#.# # . .# ..# .
#.##.#


You could see an eight-headed hydra.

Vanquished Creatures
  Grinder (D:3)
  Sigmund (D:3)
  Duvessa (D:6)
  An ice beast (D:5)
  An ogre (D:5)
  A centaur (D:5)
  A phantom (D:4)
  A wyvern zombie (D:5)
  4 scorpions
  Dowan (D:6)
  A water moccasin zombie (D:5)
  A wyvern skeleton (D:4)
  A water moccasin skeleton (D:5)
  3 jellies
  A bullfrog zombie (D:5)
  2 orc priests
  Crazy Yiuf (D:2)
  A bullfrog skeleton (D:5)
  A gnoll shaman (D:6)
  Ijyb (D:3)
  Jessica (D:3)
  A centaur skeleton (D:3)
  3 iguanas
  2 orc wizards (D:6)
  6 gnolls
  7 adders
  A shadow imp (D:5)
  A white imp (D:6)
  An ufetubus (D:5)
  2 dart slugs (D:2)
  5 orcs
  5 ball pythons
  5 endoplasms
  A giant cockroach (D:3)
  3 goblins
  8 jackals
  6 kobolds
  2 quokkas
  2 bats (D:3)
  A frilled lizard (D:3)
  8 rats
  A spectral orc (D:4)
98 creatures vanquished.

Vanquished Creatures (others)
  17 plants (D:5)
17 creatures vanquished.

Grand Total: 115 creatures vanquished

Notes
Turn   | Place    | Note
-------+----------+-------------------------------------------
     0 | D:1      | GordonOverkill the Djinni Berserker began the quest for the
                  | Orb.
     0 | D:1      | Reached XP level 1. HP: 20/20 MP: 0/0
   397 | D:1      | Reached XP level 2. HP: 25/25 MP: 0/0
   596 | D:1      | Reached skill level 3 in Axes
  1238 | D:2      | Reached XP level 3. HP: 30/30 MP: 0/0
  1238 | D:2      | Learned a level 1 spell: Animate Skeleton
  1574 | D:2      | Found a faded altar of an unknown god.
  1647 | D:2      | Reached ** piety under Trog
  1803 | D:2      | Reached XP level 4. HP: 30/35 MP: 0/0
  1879 | D:2      | Found a runed translucent door.
  1880 | D:2      | Noticed Crazy Yiuf
  1928 | D:2      | Found a glowing silver altar of Zin.
  2158 | D:2      | Killed Crazy Yiuf
  2159 | D:2      | Reached skill level 4 in Axes
  2387 | D:3      | Noticed Jessica
  2391 | D:3      | Killed Jessica
  2392 | D:3      | Reached XP level 5. HP: 40/40 MP: 0/0
  2392 | D:3      | Learned a level 2 spell: Static Discharge
  2439 | D:3      | Reached skill level 1 in Evocations
  2492 | D:3      | Noticed Sigmund
  2501 | D:3      | Killed Sigmund
  2502 | D:3      | Reached skill level 5 in Axes
  2502 | D:3      | Reached XP level 6. HP: 46/46 MP: 0/0
  2781 | D:3      | Found a runed translucent door.
  2861 | D:3      | Noticed Ijyb
  2882 | D:3      | Killed Ijyb
  3049 | D:3      | Reached XP level 7. HP: 47/50 MP: 0/0
  3049 | D:3      | Learned a level 3 spell: Frozen Ramparts
  3162 | D:3      | Noticed Grinder
  3175 | D:3      | Killed Grinder
  3303 | D:3      | Noticed paps's ghost (weakling DsGl)
  3341 | D:4      | Reached skill level 6 in Axes
  3868 | D:4      | Reached XP level 8. HP: 48/56 MP: 0/0
  4804 | D:4      | Found a hazy altar of Hepliaklqana.
  4899 | D:5      | Entered Level 5 of the Dungeon
  4906 | D:5      | Reached skill level 7 in Axes
  5144 | D:5      | Found Bicrum's Armour Boutique.
  5538 | D:5      | Reached *** piety under Trog
  5539 | D:5      | Reached skill level 8 in Axes
  5806 | D:5      | Reached XP level 9. HP: 51/60 MP: 0/0
  5806 | D:5      | Learned a level 4 spell: Leda's Liquefaction
  6165 | D:5      | Reached skill level 9 in Axes
  6395 | D:6      | Noticed Dowan
  6397 | D:6      | Noticed Duvessa
  6500 | D:6      | Killed Duvessa
  6516 | D:6      | Killed Dowan
  6712 | D:6      | Noticed an eight-headed hydra
  6719 | D:6      | HP: 2/90 [eight-headed hydra (11)]
  6720 | D:6      | Slain by an eight-headed hydra

Illustrated notes

Levels and vault maps discovered:
D:1:      dpeg_arrival_stone_temple_mockup, layout_loops_ring, minivault_11,
          roderic_serpentine_path
D:2:      layout_rooms, hellmonk_ecumenical_altar_blasted, basic_altar,
          lemuel_old_faithful, uniq_crazy_yiuf_cottage
D:3:      layout_basic, ebering_ghost_sewer_d, chequers_avenue,
          minmay_quantized, uniq_jessica, uniq_sigmund, uniq_ijyb, uniq_grinder
D:4:      layout_basic, nicolae_hepliaklqana_monster_ancestors
D:5:      layout_loops_ring, serial_shops, shop, minmay_liquid_box,
          serial_bayou_lagoon_a, grunt_ministairs_1, st_stairs_2
D:6:      cheibrodos_quashed, layout_loops_cross, amcnicky_altar_gilded,
          mainiacjoe_overflow_paths, gammafunk_ghost_nasty_kobolds,
          uniq_menkaure, uniq_duvessa

Skill      XL: |  1  2  3  4  5  6  7  8  9 |
---------------+----------------------------+-----
Axes           | 3 4 5 6 8 9 |  9.6
Evocations     | 2 3 4 |  4.0
Fighting       | |  3.0
Armour         | |  2.0
Dodging        | |  2.1

Action                   |  1- 3 |  4- 6 |  7- 9 || total
-------------------------+-------+-------+-------++-------
Melee: Hand axe          |    70 |    63 |   267 ||   400
       Morningstar       |       |       |     4 ||     4
Invok: Berserk           |     3 |     6 |    22 ||    31
       Trog's Hand       |       |       |     2 ||     2
  Use: Scroll            |       |     4 |     4 ||     8
       Potion            |       |       |     1 ||     1
 Stab: Sleeping          |     1 |       |       ||     1
Armor: Leather armour    |     4 |       |       ||     4
       Ring mail         |    19 |     8 |       ||    27
       Scale mail        |       |    15 |    85 ||   100
       Chain mail        |       |       |     2 ||     2
Dodge: Dodged            |    34 |    25 |   136 ||   195

Table legend: (Time is in decaauts)
 A = Elapsed time spent in this place.
 B = Non-inter-level travel time spent in this place.
 C = Inter-level travel time spent in this place.
 D = Time resting spent in this place.
 E = Time spent auto-exploring this place.
 F = Levels seen in this place.
 G = Mean time per level.
                   A        B        C        D        E       F      G
               +--------+--------+--------+--------+--------+-----+--------+
         Total |   6976 |   6557 |    419 |   2315 |   3216 |   6 | 1162.7 |
       Dungeon |   6976 |   6557 |    419 |   2315 |   3216 |   6 | 1162.7 |
               +--------+--------+--------+--------+--------+-----+--------+

Top non-repeatable levels by time:
     D:5: 1797 daAuts
     D:4: 1648 daAuts
     D:1: 1249 daAuts
     D:2: 1159 daAuts
     D:3: 1015 daAuts
     D:6: 106 daAuts
